 Dungeon Crawl Stone Soup version 0.30-a0-618-gd6c86c23d0 (webtiles) character file.

Game seed: 9352021929509090606

10729 Leeroy the Grappler (level 11, -1/97 HPs)
             Began as a White Draconian Transmuter on Jan 9, 2023.
             Was a Priest of Wu Jian.
             Slain by a freezing wraith (4 damage)
             ... in an ice cave.
             The game lasted 00:20:31 (13047 turns).

Leeroy the Grappler (White Draconian Transmuter)   Turns: 13047, Time: 00:20:31

Health: -1/97      AC:  8    Str: 23    XL:     11   Next: 40%
Magic:  13/19      EV: 17    Int: 13    God:    Wu Jian [***...]
Gold:   723        SH:  0    Dex: 12    Spells: 6/23 levels left

rFire   . . .      SeeInvis .      - Unarmed
rCold   + . .      Faith    .    (shield currently unavailable)
rNeg    . . .      Spirit   .    (body armour unavailable)
rPois   .          Reflect  .    (helmet restricted)
rElec   .          Harm     .    t - +0 cloak
rCorr   .          Rampage  .    (gloves currently unavailable)
Will    .....                    (no boots)
Stlth   +                        (no amulet)
HPRegen 0.36/turn                l - +6 ring of strength
MPRegen 0.16/turn                w - +5 ring of evasion

@: blade hands (expiring), wereblooded, slowed, very slow
A: breathe frost, AC +7, unfitting armour, cold resistance 1, cold-blooded, low
MP 1
a: Breathe Frost, End Transformation, Renounce Religion, Wall Jump, Serpent's
Lash


You were in an ice cave.
You worshipped Wu Jian.
Wu Jian was most pleased with you.
You had blades for hands.
You visited 2 branches of the dungeon, and saw 12 of its levels.
You also visited: Bailey and Ice Cave.

You collected 723 gold pieces.

Inventory:

Hand Weapons
 g - a +5 quick blade of venom
 s - a +1 dagger of electrocution
 v - a +2 sling of flaming
Missiles
 y - a curare-tipped dart
Armour
 t - a +0 cloak (worn)
Magical Staves
 J - a staff of poison
Jewellery
 a - a ring of willpower
 l - a +6 ring of strength (left blade hand)
 w - a +5 ring of evasion (right blade hand)
 B - a ring of positive energy
 E - a ring of flight
 G - a +6 ring of intelligence
 I - a +6 ring of dexterity
Wands
 u - a wand of paralysis (1)
 D - a wand of roots (7)
 F - a wand of polymorph (11)
Scrolls
 d - 3 scrolls of fog {unknown}
 f - 2 scrolls of noise {unknown}
 h - 5 scrolls of teleportation
 j - 3 scrolls of magic mapping {unknown}
 k - 2 scrolls of fear
 m - a scroll of poison
 r - 3 scrolls of enchant armour
 x - 2 scrolls of silence
 C - a scroll of acquirement
 H - 2 scrolls of identify
Potions
 b - 3 potions of curing
 c - 5 potions of brilliance
 e - 3 potions of haste {unknown}
 i - 4 potions of heal wounds {unknown}
 n - a potion of berserk rage
 o - 2 potions of mutation {unknown}
 p - a potion of degeneration {unknown}
 q - 2 potions of magic
 z - a potion of might {unknown}
 A - a potion of cancellation {unknown}


   Skills:
 - Level 9.3 Fighting
 * Level 3.1 Dodging
 + Level 12.7 Unarmed Combat
 - Level 6.8 Spellcasting
 - Level 7.0 Transmutations
 - Level 0.1 Poison Magic
 - Level 0.3 Evocations


You had 6 spell levels left.
You knew the following spells:

 Your Spells              Type           Power      Damage    Failure   Level
a - Ice Form              Ice/Tmut       13%        N/A       78%         4
b - Wereblood             Tmut           22%        N/A       17%         2
c - Spider Form           Tmut/Pois      13%        N/A       47%         3
d - Blade Hands           Tmut           11%        N/A       67%         5
e - Tukima's Dance        Hex            4%         N/A       83%         3

Your spell library contained the following spells:

 Spells                   Type           Power      Damage    Failure   Level
 Beastly Appendage        Tmut           44%        N/A       14%         1
 Passwall                 Tmut/Erth      10%        N/A       34%         2
 Blink                    Tloc           8%         N/A       67%         2
 Momentum Strike          Conj/Tloc      8%         3d8       67%         2
 Static Discharge         Conj/Air       8%         2-3/arc   67%         2
 Frozen Ramparts          Ice            8%         1d2       83%         3
 Kindle Blastsparks       Fire/Tloc/Air  8%         2d10      83%         3
 Lesser Beckoning         Tloc           8%         N/A       83%         3
 Portal Projectile        Hex/Tloc       8%         N/A       83%         3
 Vhi's Electric Charge    Tloc/Air       8%         N/A       83%         3
 Dispel Undead            Necr           4%         3d7       98%         4
 Fulminant Prism          Conj/Hex       2%         3d5       98%         4
 Iskenderun's Mystic Bla  Conj/Tloc      4%         2d3       98%         4
 Manifold Assault         Tloc           4%         N/A       98%         4
 Olgreb's Toxic Radiance  Pois           4%         N/A       98%         4
 Summon Ice Beast         Ice/Summ       4%         N/A       98%         4
 Arcjolt                  Conj/Air       2%         1d12      100%        5
 Iskenderun's Battlesphe  Conj           4%         2d6       100%        5
 Lee's Rapid Deconstruct  Erth           2%         3d4*      100%        5
 Lightning Bolt           Conj/Air       2%         1d13      100%        5
 Iron Shot                Conj/Erth      2%         9d2       100%        6
 Statue Form              Tmut/Erth      8%         N/A       100%        6
 Ozocubu's Refrigeration  Ice            2%         4d7       100%        7
 Spellforged Servitor     Conj/Summ      2%         N/A       100%        7
 Storm Form               Tmut/Air       6%         N/A       100%        7
 Ignition                 Fire           2%         3d3       100%        8
 Infestation              Necr           2%         N/A       100%        8
 Maxwell's Capacitive Co  Air            2%         ∞         100%        8


Dungeon Overview and Level Annotations

Branches:
Dungeon (11/15)            Temple (1/1) D:5            Lair (0/5) D:8
 Bailey (visited)           IceCv (1/1)
    Orc: D:9-12

Altars:
Ashenzari
Cheibriados
Dithmenos
Elyvilon
Fedhas
Gozag
Hepliaklqana
Kikubaaqudgha
Makhleb
Nemelex Xobeh
Okawaru
Qazlal
Ru
Sif Muna
Trog
Uskayaw
Vehumet
Wu Jian
Xom
Yredelemnul
Zin
The Shining One

Shops:
D:1 [

Annotations:
D:8 2 transporters
D:9 3 runed translucent doors, ThereIsNoGod's ghost, novice OpFi IceCv 1 transporter, exclusion: 2 ice statues


Innate Abilities, Weirdness & Mutations

You have blades for hands.
Your spellcasting is less reliable in this form.
You are incapable of wielding weapons or throwing items.
You can breathe waves of freezing cold which knock back foes.
Your icy white scales are hard. (AC +7)
You cannot fit into any form of body armour.
Your flesh is cold resistant. (rC+)
You are cold-blooded and may be slowed by cold attacks.
Your magical capacity is low. (-10% MP)


Message History

The ice statue gestures.
You spin and attack the freezing wraith.
You slice the freezing wraith!!
The freezing wraith is heavily damaged.
The freezing wraith hits you! The freezing wraith freezes you! You resist.
The freezing wraith closely misses you. The ice statue gestures at you.
The freezing blast engulfs you. You resist.
You slice the ice beast!!
You kill the ice beast!
The ice beast disappears in a puff of smoke!
You are engulfed in freezing vapours.
You resist.
Your transformation is almost over.
The freezing wraith hits you but does no damage.
The freezing wraith hits you!
* * * LOW HITPOINT WARNING * * *
The freezing wraith drains your vigour!
You feel as though you will be slow longer.
The ice statue gestures.
Okay, then.
Okay, then.
Okay, then.
The freezing wraith attacks as you move away!
The freezing wraith completely misses you.
The freezing wraith hits you.
* * * LOW HITPOINT WARNING * * *
The freezing wraith drains your vigour!
You feel as though you will be slow longer.
You are engulfed in freezing vapours.
You resist.
* * * LOW HITPOINT WARNING * * *
The ice statue gestures at you. The shard of ice hits you.
* * * LOW HITPOINT WARNING * * *
The ice beast misses you.
The freezing wraith hits you but does no damage. x2
The freezing wraith attacks as you move away!
The freezing wraith hits you.
* * * LOW HITPOINT WARNING * * *
The freezing wraith freezes you. You resist.
You die...

#....8...8....#
#......)......#
##.....[.....##
#...(.©.[...#
##...8©8...##
###########
##8..○°°8##
#8..Y○°W.8##
#8...°☼.@..8#
#.....:[Y.....#
#©..8.[[|.8..∩#
###############


You could see 2 ice statues, a freezing wraith and 2 ice beasts.

Vanquished Creatures
  Pikel (D:7)
  3 cyclopes
  A centaur zombie (D:11)
  An unseen horror (D:10)
  A troll (D:11)
  Prince Ribbit (D:7)
  A vampire (D:11)
  A wraith (D:11)
  2 shadows (D:9)
  14 yaks
  2 steam dragons
  A wyvern (D:10)
  A death yak simulacrum (IceCv)
  2 vampire mosquitoes (D:10)
  Menkaure (D:5)
  A harpy simulacrum (IceCv)
  2 wargs (D:8)
  A black bear (D:4)
  6 orc warriors
  2 ice beasts
  4 ogres
  A centaur (D:10)
  A lemure (D:7)
  A phantom (D:6)
  2 necrophages
  A kobold brigand (D:6)
  5 bullfrogs
  2 gnoll sergeants (D:9)
  A two-headed ogre simulacrum (D:11)
  A scorpion (D:6)
  A cane toad simulacrum (IceCv)
  3 wights (D:9)
  3 killer bees (D:8)
  8 howler monkeys
  2 jellies
  2 quasits (D:6)
  5 hounds
  6 orc priests
  7 iguanas
  4 orc wizards
  3 troll simulacra (D:11)
  13 gnolls
  4 adders
  A naga simulacrum (D:11)
  2 shadow imps (D:6)
  2 white imps
  4 ufetubi (D:6)
  A worm (D:4)
  5 dart slugs
  34 orcs
  3 bats
  7 endoplasms
  A giant cockroach (D:4)
  13 goblins
  5 hobgoblins
  8 jackals
  2 quokkas
  10 ball pythons
  3 frilled lizards
  17 kobolds
  3 rats
246 creatures vanquished.

Vanquished Creatures (others)
  An ugly thing (IceCv)
  An orc (D:8)
  7 plants (D:8)
9 creatures vanquished.

Grand Total: 255 creatures vanquished

Notes
Turn   | Place    | Note
-------+----------+-------------------------------------------
     0 | D:1      | Leeroy the Draconian Transmuter began the quest for the
                  | Orb.
     0 | D:1      | Reached XP level 1. HP: 16/16 MP: 3/3
   389 | D:1      | Found Xeumaem's Armour Shop.
   418 | D:1      | Reached XP level 2. HP: 21/23 MP: 5/5
  1161 | D:2      | Reached XP level 3. HP: 24/28 MP: 6/6
  1239 | D:2      | Learned a level 2 spell: Wereblood
  1243 | D:2      | Learned a level 3 spell: Spider Form
  2335 | D:3      | Reached XP level 4. HP: 35/35 MP: 5/7
  2780 | D:4      | Noticed a black bear
  2924 | D:4      | Noticed a yak
  2936 | D:4      | Reached XP level 5. HP: 40/40 MP: 6/8
  3213 | D:4      | Killed a black bear
  3214 | D:4      | Reached skill level 5 in Transmutations
  3532 | D:4      | Reached XP level 6. HP: 15/47 MP: 6/10
  3666 | D:4      | Killed a yak
  3797 | D:5      | Entered Level 5 of the Dungeon
  3807 | D:5      | Learned a level 5 spell: Blade Hands
  3848 | D:5      | Your scales start taking on an icy white colour.
  3848 | D:5      | Reached XP level 7. HP: 45/52 MP: 8/13
  3848 | D:5      | Gained mutation: Your flesh is cold resistant. (rC+) [White
                  | Draconian growth]
  3886 | D:5      | Noticed Menkaure
  3891 | D:5      | Killed Menkaure
  3988 | D:5      | Reached skill level 5 in Spellcasting
  4514 | D:5      | Reached skill level 4 in Unarmed Combat
  4614 | D:5      | Reached XP level 8. HP: 59/59 MP: 9/15
  4725 | D:5      | Reached skill level 5 in Unarmed Combat
  5034 | D:5      | Found a staircase to the Ecumenical Temple.
  5293 | Temple   | Entered the Ecumenical Temple
  5475 | Temple   | Became a worshipper of the Wu Jian Council
  5751 | D:6      | Reached skill level 6 in Unarmed Combat
  6269 | D:6      | Reached skill level 7 in Unarmed Combat
  6430 | D:6      | Reached * piety under Wu Jian
  6683 | D:6      | Reached skill level 8 in Unarmed Combat
  6801 | D:7      | Noticed Prince Ribbit
  6811 | D:7      | Killed Prince Ribbit
  6852 | D:7      | Noticed Pikel
  6858 | D:7      | Killed Pikel
  6859 | D:7      | Reached skill level 5 in Fighting
  6859 | D:7      | Reached XP level 9. HP: 74/74 MP: 10/16
  7620 | D:7      | Found a white marble altar of Elyvilon.
  8215 | D:8      | Found a staircase to the Lair.
  8505 | D:8      | Found a transporter.
  8511 | D:8      | Found a transporter.
  8580 | D:8      | Found a flagged portal.
  8583 | D:8      | Reached ** piety under Wu Jian
  8590 | Bailey   | Entered a bailey
  8616 | Bailey   | Learned a level 4 spell: Ice Form
  8622 | Bailey   | Noticed an orc warlord
  8642 | Bailey   | Reached XP level 10. HP: 84/91 MP: 11/17
  8693 | Bailey   | Found a runed translucent gate.
  8696 | Bailey   | Found a runed translucent gate.
  8698 | Bailey   | Found a runed translucent gate.
  8721 | Bailey   | Gained mutation: Your magical capacity is low. (-10% MP)
                  | [mutagenic glow]
  8989 | Bailey   | Acquired a +5 quick blade of venom
  9457 | Bailey   | Learned a level 3 spell: Tukima's Dance
 10343 | D:8      | Got the Tome of Exhumation and Forms
 10462 | D:8      | Reached skill level 9 in Unarmed Combat
 10659 | D:8      | Identified the ring "Uteisig" {rN++ rCorr}
 11229 | D:9      | Found a runed translucent gate.
 11229 | D:9      | Found a runed translucent gate.
 11229 | D:9      | Found a runed translucent gate.
 11316 | D:9      | Noticed ThereIsNoGod's ghost (novice OpFi)
 11356 | D:9      | Found a radiant altar of Vehumet.
 11703 | D:10     | Entered Level 10 of the Dungeon
 11812 | D:10     | Reached skill level 10 in Unarmed Combat
 11918 | D:10     | Reached skill level 11 in Unarmed Combat
 11921 | D:10     | Reached *** piety under Wu Jian
 12398 | D:10     | Noticed a cyclops
 12411 | D:10     | Killed a cyclops
 12412 | D:10     | Reached XP level 11. HP: 55/97 MP: 15/19
 12659 | D:11     | Reached skill level 12 in Unarmed Combat
 12807 | D:11     | Found a frozen archway.
 12823 | IceCv    | Entered an ice cave
 12823 | IceCv    | Noticed a white ugly thing
 12829 | IceCv    | Killed a white ugly thing
 12834 | IceCv    | Found a transporter.
 12844 | IceCv    | Found a transporter.
 13047 | IceCv    | HP: 3/97 [freezing wraith (5)]
 13047 | IceCv    | Slain by a freezing wraith

Illustrated notes

Levels and vault maps discovered:
D:1:      matt_arrival_spirals, layout_loops_ring, serial_shops, shop,
          minmay_split_cup_small
D:2:      layout_basic
D:3:      layout_basic
D:4:      minmay_chambers_of_fours, layout_basic, wad_orctagon
D:5:      layout_loops_ring, minmay_temple_entry_statues_pillars, uniq_menkaure
D:6:      layout_gridville, serial_demonic, serial_demonic_d, serial_demonic_d,
          serial_demonic_d, serial_demonic_f, minivault_27,
          hangedman_abyss_or_decor_slice
D:7:      layout_loops_corners, mainiacjoe_overflow_brackets,
          uniq_prince_ribbit1, uniq_pikel
D:8:      layout_rooms, erik_lair_orcish_takeover, enter_bailey_3,
          gammafunk_ghost_gnarly_gnolls, grunt_decor_clamped
D:9:      layout_roguey, vehumet_crystals, gammafunk_ghost_icy,
          minmay_misc_feat_encased
D:10:     layout_loops_cross
D:11:     layout_loops_ring, david_orc_3, serial_undead, serial_undead_d,
          serial_undead_e, serial_undead_f, serial_undead_d,
          portal_ice_cave_entry_ice_simulacra, uniq_urug
Temple:   nicolae_temple_slightly_damp_pantheon
IceCv:    ice_cave_statue_garden_transporter

Skill      XL: |  1  2  3  4  5  6  7  8  9 10 11 |
---------------+----------------------------------+-----
Transmutations | 3 4 5 6 7 |  7.0
Spellcasting   | 3 4 5 6 |  6.8
Unarmed Combat | 4 8 11 12 | 12.7
Fighting       | 5 9 |  9.3
Dodging        | 3 |  3.1
Poison Magic   | |  0.1
Evocations     | |  0.3

Action                   |  1- 3 |  4- 6 |  7- 9 | 10-12 || total
-------------------------+-------+-------+-------+-------++-------
Melee: Unarmed           |   122 |   118 |   293 |   186 ||   719
       Kick              |    21 |     8 |       |       ||    29
       Tailslap          |    15 |     8 |    25 |    33 ||    81
       Headbutt          |     9 |     4 |     2 |       ||    15
       Punch             |     5 |     3 |     8 |     8 ||    24
 Cast: Beastly Appendage |    19 |     8 |     1 |       ||    28
       Spider Form       |     1 |     5 |    10 |     1 ||    17
       Blade Hands       |       |     1 |    18 |    15 ||    34
       Wereblood         |       |       |       |     2 ||     2
       Ice Form          |       |       |       |     1 ||     1
Invok: Lunge             |       |       |    18 |    16 ||    34
       Whirlwind         |       |       |    11 |    16 ||    27
 Abil: Breathe Frost     |       |       |     4 |       ||     4
       Wall Jump         |       |       |       |     1 ||     1
Evoke: Wand              |       |     2 |       |    10 ||    12
  Use: Potion            |       |       |     5 |     1 ||     6
       Scroll            |       |       |     9 |     2 ||    11
 Stab: Paralysed         |       |     7 |       |     2 ||     9
Armor: Skin              |    40 |    30 |    61 |    38 ||   169
Dodge: Dodged            |    67 |    72 |   163 |   118 ||   420

Table legend: (Time is in decaauts)
 A = Elapsed time spent in this place.
 B = Non-inter-level travel time spent in this place.
 C = Inter-level travel time spent in this place.
 D = Time resting spent in this place.
 E = Time spent auto-exploring this place.
 F = Levels seen in this place.
 G = Mean time per level.
                   A        B        C        D        E       F      G
               +--------+--------+--------+--------+--------+-----+--------+
         Total |  13002 |  12595 |    407 |   1841 |   8554 |  14 |  928.7 |
       Dungeon |  10844 |  10472 |    372 |    537 |   8131 |  11 |  985.8 |
        Temple |    202 |    167 |     35 |      0 |    144 |   1 |  202.0 |
        Bailey |   1732 |   1732 |      0 |   1111 |    279 |   1 | 1732.0 |
      Ice Cave |    223 |    223 |      0 |    193 |      0 |   1 |  223.0 |
               +--------+--------+--------+--------+--------+-----+--------+

Top non-repeatable levels by time:
  Bailey: 1732 daAuts
     D:4: 1486 daAuts
     D:5: 1459 daAuts
     D:6: 1393 daAuts
     D:7: 1181 daAuts
    D:10: 926 daAuts
     D:8: 913 daAuts
     D:9: 851 daAuts
     D:2: 840 daAuts
     D:1: 831 daAuts
     D:3: 782 daAuts
   IceCv: 223 daAuts
  Temple: 202 daAuts
    D:11: 177 daAuts
